YL
SUTHERLAND STARS @ RYDE HAWKS
08/28/2022
 
TOP OF THE 1ST
Sutherland Stars batting - Pitching for Ryde Hawks : RHP Frank Quinn
Pitching: RHP Frank Quinn
Batting: RHB Shane Leaper 0-0: Ball
1-0: Swinging Strike
1-1: Foul Ball, location: 2F
1-2: Ball
2-2: Strikes out swinging
Batting: LHB John Quaid 0-0: Ball
1-0: Foul Ball, location: 9LMF
1-1: Ball
2-1: Fly out, F7 (Flyball, 7, EV 85.6 MPH)
Batting: RHB Noel Biddulph 0-0: Ball
1-0: Called Strike
1-1: Swinging Strike
1-2: Ball
2-2: Foul Ball, location: 2F
2-2: Ball
3-2: Ground out 4-3 (Groundball, 4MD, EV 105.0 MPH)
Top of the 1st over - 0 runs, 0 hits, 0 errors, 0 left on base; Sutherland 0 - Ryde 0
BOTTOM OF THE 1ST
Ryde Hawks batting - Pitching for Sutherland Stars : RHP Michael Duane
Pitching: RHP Michael Duane
Batting: RHB Gavyn Higgins 0-0: Called Strike
0-1: Swinging Strike
0-2: Strikes out swinging
Batting: LHB Darren Roberts 0-0: Ball
1-0: Ball
2-0: Called Strike
2-1: Fly out, F6 (Popup, 6, EV 75.0 MPH)
Batting: RHB Joe Crang 0-0: Ball
1-0: Swinging Strike
1-1: Fly out, F8 (Flyball, 8RD, EV 94.4 MPH)
Bottom of the 1st over - 0 runs, 0 hits, 0 errors, 0 left on base; Sutherland 0 - Ryde 0
TOP OF THE 2ND
Sutherland Stars batting - Pitching for Ryde Hawks : RHP Frank Quinn
Batting: RHB Adrian Draycott 0-0: Ball
1-0: Foul Ball, location: 9LMF
1-1: Ball
2-1: Ball
3-1: Swinging Strike
3-2: Strikes out swinging
Batting: LHB Don Harragon 0-0: Ball
1-0: Foul Ball, location: 9LSFF
1-1: Ball
2-1: Fly out, F9 (Line Drive, 89D, EV 102.5 MPH)
Batting: LHB Chris Burge 0-0: Called Strike
0-1: Foul Ball, location: 7LSF
0-2: Foul Ball, location: 3SF
0-2: Strikes out swinging
Top of the 2nd over - 0 runs, 0 hits, 0 errors, 0 left on base; Sutherland 0 - Ryde 0
BOTTOM OF THE 2ND
Ryde Hawks batting - Pitching for Sutherland Stars : RHP Michael Duane
Batting: LHB Geoff Finlay 0-0: Ball
1-0: Ball
2-0: Ball
3-0: Called Strike
3-1: Called Strike
3-2: Strikes out swinging
Batting: RHB Steve Munslow 0-0: Called Strike
0-1: Ground out 6-3 (Groundball, 6, EV 84.4 MPH)
Batting: RHB Daron Hotop 0-0: SINGLE (Line Drive, 8RS, EV 105.6 MPH)
Batting: LHB Buck Hockley 0-0: Called Strike
0-1: Swinging Strike
0-2: Strikes out swinging
Bottom of the 2nd over - 0 runs, 1 hit, 0 errors, 1 left on base; Sutherland 0 - Ryde 0
TOP OF THE 3RD
Sutherland Stars batting - Pitching for Ryde Hawks : RHP Frank Quinn
Batting: RHB Jersey Rosbottom 0-0: Ball
1-0: Ball
2-0: Ball
3-0: Base on Balls
Batting: RHB Fred Excell 0-0: Bunted foul
0-1: Sac Bunt to P - play at first, batter OUT! 1-3
Jersey Rosbottom to second
Batting: LHB Beau Inions 0-0: Ball
1-0: Foul Ball, location: 3SF
1-1: Swinging Strike
1-2: Foul Ball, location: 3F
1-2: Strikes out swinging
Batting: RHB Shane Leaper 0-0: Called Strike
0-1: Ball
1-1: Called Strike
1-2: Strikes out swinging
Top of the 3rd over - 0 runs, 0 hits, 0 errors, 1 left on base; Sutherland 0 - Ryde 0
BOTTOM OF THE 3RD
Ryde Hawks batting - Pitching for Sutherland Stars : RHP Michael Duane
Batting: LHB Lyn Shanahan 0-0: Foul Ball, location: 7LMFF
0-1: Foul Ball, location: 5F
0-2: Strikes out swinging
Batting: RHB Larry Craigie 0-0: Called Strike
0-1: Ground out 3-1 (Groundball, 34, EV 90.6 MPH)
Batting: RHB Gavyn Higgins 0-0: Swinging Strike
0-1: Ground out U3 (Groundball, 34S, EV 86.3 MPH)
Bottom of the 3rd over - 0 runs, 0 hits, 0 errors, 0 left on base; Sutherland 0 - Ryde 0
TOP OF THE 4TH
Sutherland Stars batting - Pitching for Ryde Hawks : RHP Frank Quinn
Batting: LHB John Quaid 0-0: Foul Ball, location: 7LSF
0-1: Swinging Strike
0-2: Strikes out looking
Batting: RHB Noel Biddulph 0-0: Ball
1-0: Called Strike
1-1: Swinging Strike
1-2: Ball
2-2: Strikes out swinging
Batting: RHB Adrian Draycott 0-0: Ball
1-0: Swinging Strike
1-1: Ball
2-1: Ball
3-1: SINGLE (Groundball, 23, EV 63.1 MPH) (infield hit)
Batting: LHB Don Harragon 0-0: Called Strike
0-1: Fly out, F9 (Flyball, 9, EV 98.1 MPH)
Top of the 4th over - 0 runs, 1 hit, 0 errors, 1 left on base; Sutherland 0 - Ryde 0
BOTTOM OF THE 4TH
Ryde Hawks batting - Pitching for Sutherland Stars : RHP Michael Duane
Batting: LHB Darren Roberts 0-0: Hit by Pitch
Batting: RHB Joe Crang 0-0: SINGLE (Groundball, 4MD, EV 108.1 MPH)
Darren Roberts to second
Runner from 2nd tries for 3rd, SAFE, throw by CF made to third
Batting: LHB Geoff Finlay 0-0: Foul Ball, location: 7LSF
0-1: Called Strike
0-2: Ball
1-2: Foul Ball, location: 2F
1-2: Ball
2-2: Ball
3-2: Base on Balls
Joe Crang to second
Batting: RHB Steve Munslow 0-0: Ball
1-0: Fly out, F9 (Flyball, 89M, EV 86.9 MPH)
Runner from 3rd tags up, SCORES, throw by RF
Joe Crang to third
Batting: RHB Daron Hotop 0-0: Ball
Wild Pitch!
Joe Crang scores
Geoff Finlay to second
1-0: Ground out 1-3 (Groundball, 15S, EV 73.1 MPH)
Batting: LHB Buck Hockley 0-0: Ball
1-0: Ball
2-0: Ball
3-0: Called Strike
3-1: Base on Balls
Batting: LHB Lyn Shanahan 0-0: Called Strike
0-1: Ball
1-1: Fly out, F6 (Flyball, 56D, EV 87.5 MPH)
Bottom of the 4th over - 2 runs, 1 hit, 0 errors, 2 left on base; Sutherland 0 - Ryde 2
TOP OF THE 5TH
Sutherland Stars batting - Pitching for Ryde Hawks : RHP Frank Quinn
Batting: LHB Chris Burge 0-0: Ball
1-0: TRIPLE (Flyball, 78XD, EV 89.4 MPH)
Batting: RHB Jersey Rosbottom 0-0: Called Strike
0-1: Ball
1-1: Ball
2-1: Ball
3-1: Base on Balls
Batting: RHB Fred Excell 0-0: Ball
1-0: Foul Ball, location: 5FF
1-1: Grounds into double play, 6-4-3 (Groundball, 6, EV 81.9 MPH)
Chris Burge scores
Batting: LHB Beau Inions 0-0: Fly out, F8 (Flyball, 8RM, EV 96.3 MPH)
Top of the 5th over - 1 run, 1 hit, 0 errors, 0 left on base; Sutherland 1 - Ryde 2
BOTTOM OF THE 5TH
Ryde Hawks batting - Pitching for Sutherland Stars : RHP Michael Duane
Batting: RHB Larry Craigie 0-0: Ball
1-0: Foul Ball, location: 25F
1-1: Ball
2-1: Called Strike
2-2: Strikes out swinging
Batting: RHB Gavyn Higgins 0-0: Ball
1-0: Ground out 6-3 (Groundball, 6, EV 86.9 MPH)
Batting: LHB Darren Roberts 0-0: Ball
1-0: Ball
2-0: Foul Ball, location: 5DF
2-1: Ball
3-1: Called Strike
3-2: Base on Balls
Batting: RHB Joe Crang 0-0: Ball
1-0: 2-RUN HOME RUN (Flyball, 78XD, EV 110.6 MPH), Distance : 429 ft
Batting: LHB Geoff Finlay 0-0: Ball
1-0: Ball
2-0: Ball
3-0: Called Strike
3-1: Foul Ball, location: 2F
3-2: Base on Balls
Batting: RHB Steve Munslow 0-0: Ball
1-0: Ball
2-0: Called Strike
2-1: Called Strike
2-2: Ball
3-2: Strikes out swinging
Bottom of the 5th over - 2 runs, 1 hit, 0 errors, 1 left on base; Sutherland 1 - Ryde 4
TOP OF THE 6TH
Sutherland Stars batting - Pitching for Ryde Hawks : RHP Frank Quinn
Batting: RHB Shane Leaper 0-0: Ground out 5-3 (Groundball, 56, EV 86.3 MPH)
Batting: LHB John Quaid 0-0: Called Strike
0-1: Foul Ball, location: 23F
0-2: Foul Ball, location: 7LSF
0-2: Ball
1-2: Ball
2-2: Foul Ball, location: 23F
2-2: Foul Ball, location: 9LSF
2-2: Fly out, F7 (Flyball, 7D, EV 98.1 MPH)
Batting: RHB Noel Biddulph 0-0: Ball
1-0: Swinging Strike
1-1: Ball
2-1: Ball
3-1: Foul Ball, location: 7LMF
3-2: Base on Balls
Batting: RHB Adrian Draycott 0-0: Ball
1-0: Ball
Noel Biddulph steals 2nd base
2-0: Called Strike
2-1: Fly out, F9 (Flyball, 9S, EV 90.0 MPH)
Top of the 6th over - 0 runs, 0 hits, 0 errors, 1 left on base; Sutherland 1 - Ryde 4
BOTTOM OF THE 6TH
Ryde Hawks batting - Pitching for Sutherland Stars : RHP Michael Duane
Batting: RHB Daron Hotop 0-0: Ball
1-0: Called Strike
1-1: Swinging Strike
1-2: Strikes out looking
Batting: LHB Buck Hockley 0-0: Called Strike
0-1: Ground out 5-3 (Groundball, 56S, EV 76.9 MPH)
Batting: LHB Lyn Shanahan 0-0: Ball
1-0: Single, Error in OF, E9, batter to second base (Line Drive, 3D, EV 67.5 MPH)
Batting: RHB Larry Craigie 0-0: Called Strike
0-1: Called Strike
0-2: Strikes out looking
Bottom of the 6th over - 0 runs, 1 hit, 1 error, 1 left on base; Sutherland 1 - Ryde 4
TOP OF THE 7TH
Sutherland Stars batting - Pitching for Ryde Hawks : RHP Frank Quinn
Batting: LHB Don Harragon 0-0: Called Strike
0-1: Called Strike
0-2: Strikes out looking
Batting: LHB Chris Burge 0-0: Called Strike
0-1: Foul Ball, location: 7LSF
0-2: Ball
1-2: Strikes out swinging
Batting: RHB Jersey Rosbottom 0-0: Ball
1-0: Foul Ball, location: 3F
1-1: Foul Ball, location: 3FF
1-2: Ball
2-2: Ball
3-2: Foul Ball, location: 2F
3-2: SINGLE (Line Drive, 4M, EV 95.0 MPH)
Pitching: RHP Wally Watson
Batting: RHB Fred Excell 0-0: Called Strike
0-1: Foul Ball, location: 2F
0-2: Ball
1-2: Ball
2-2: Foul Ball, location: 2F
2-2: Strikes out swinging
Top of the 7th over - 0 runs, 1 hit, 0 errors, 1 left on base; Sutherland 1 - Ryde 4
BOTTOM OF THE 7TH
Ryde Hawks batting - Pitching for Sutherland Stars : RHP Michael Duane
Batting: RHB Gavyn Higgins 0-0: Called Strike
0-1: SINGLE (Line Drive, 4D, EV 104.4 MPH)
Pitching: LHP Ian Hallett
Batting: LHB Darren Roberts 0-0: Bunted foul
0-1: Ball
1-1: Grounds out, U3 (Groundball, 3L, EV 101.9 MPH)
Batting: RHB Joe Crang 0-0: Intentional Walk
Batting: LHB Geoff Finlay 0-0: Called Strike
0-1: Ball
1-1: Swinging Strike
1-2: Ball
2-2: Ball
3-2: Foul Ball, location: 2F
3-2: Fielders Choice at 2nd, 3-6 (Groundball, 3S, EV 82.5 MPH)
Gavyn Higgins to third
Batting: RHB Steve Munslow 0-0: Ball
1-0: Ball
2-0: Called Strike
2-1: Swinging Strike
2-2: Foul Ball, location: 2RF
2-2: Strikes out swinging
Bottom of the 7th over - 0 runs, 1 hit, 0 errors, 2 left on base; Sutherland 1 - Ryde 4
TOP OF THE 8TH
Sutherland Stars batting - Pitching for Ryde Hawks : RHP Wally Watson
Batting: LHB Beau Inions 0-0: Ball
1-0: Called Strike
1-1: Called Strike
1-2: Ball
2-2: Strikes out swinging
Batting: RHB Shane Leaper 0-0: Ball
1-0: Ball
2-0: Ball
3-0: Called Strike
3-1: Called Strike
3-2: SINGLE (Line Drive, 4D, EV 96.3 MPH)
Batting: LHB John Quaid 0-0: Ball
1-0: Fly out, F9 (Flyball, 9S, EV 90.6 MPH)
Batting: RHB Noel Biddulph 0-0: Ball
1-0: Foul Ball, location: 25F
1-1: Foul Ball, location: 7LSF
1-2: Foul Ball, location: 3FF
1-2: Strikes out swinging
Top of the 8th over - 0 runs, 1 hit, 0 errors, 1 left on base; Sutherland 1 - Ryde 4
BOTTOM OF THE 8TH
Ryde Hawks batting - Pitching for Sutherland Stars : LHP Ian Hallett
Batting: RHB Daron Hotop 0-0: Ball
1-0: Fly out, F9 (Flyball, 9LM, EV 103.8 MPH)
Batting: RHB Jake Barber 0-0: Ball
1-0: Ball
2-0: Ball
3-0: Called Strike
3-1: Fly out, F7 (Flyball, 78S, EV 89.4 MPH)
Batting: LHB Lyn Shanahan 0-0: Ball
1-0: Called Strike
1-1: Foul Ball, location: 2F
1-2: Foul Ball, location: 2F
1-2: Strikes out swinging
Bottom of the 8th over - 0 runs, 0 hits, 0 errors, 0 left on base; Sutherland 1 - Ryde 4
TOP OF THE 9TH
Sutherland Stars batting - Pitching for Ryde Hawks : RHP Wally Watson
Pitching: RHP Mark Ventriss
Now in LF: Coop Ough
Batting: RHB Adrian Draycott 0-0: Called Strike
0-1: Ball
1-1: Ball
2-1: Swinging Strike
2-2: Fly out, F4 (Popup, 4, EV 63.8 MPH)
Pinch Hitting: RHB Noel Cranidge 0-0: Fly out, F2 (Popup, 13S, EV 89.4 MPH)
Batting: LHB Chris Burge 0-0: Foul Ball, location: 3SF
0-1: SINGLE (Groundball, 34D, EV 107.5 MPH)
Batting: RHB Jersey Rosbottom 0-0: Ball
1-0: Ball
2-0: Ball
3-0: Called Strike
3-1: Foul Ball, location: 3FF
3-2: Base on Balls
Chris Burge to second
Pinch Hitting: LHB Daniel Tolman 0-0: Called Strike
0-1: Foul Ball, location: 25F
0-2: Ball
1-2: Fly out, F8 (Flyball, 8RM, EV 93.1 MPH)
Top of the 9th over - 0 runs, 1 hit, 0 errors, 2 left on base; Sutherland 1 - Ryde 4
Sunday, May 5th , 2024 - OOTP Baseball 24.9 Build 80